 Dungeon Crawl Stone Soup version 0.24.1 (webtiles) character file.

Game seed: 16966967862700775518, levelgen mode: deterministic

50 H0rd4k the Charlatan (level 4, -2/32 HPs)
             Began as a Human Artificer on Apr 1, 2020.
             Slain by a centaur skeleton (5 damage)
             ... on level 2 of the Dungeon.
             The game lasted 00:01:19 (1287 turns).

H0rd4k the Charlatan (Human Artificer)              Turns: 1287, Time: 00:01:19

Health: -2/32      AC:  3    Str: 13    XL:     4   Next: 4%
Magic:  6/6        EV: 12    Int: 12    God:
Gold:   110        SH:  0    Dex: 13    Spells: 3/3 levels left

rFire    . . .     SeeInvis .   n - +1 dagger (venom)
rCold    . . .     Gourm    .   (no shield)
rNeg     . . .     Faith    .   b - +0 leather armour
rPois    .         Spirit   .   (no helmet)
rElec    .         Reflect  .   (no cloak)
rCorr    .         Harm     .   (no gloves)
MR       .....                  (no boots)
Stlth    +.........             (no amulet)
HPRegen  0.10/turn              (no ring)
MPRegen  0.10/turn              (no ring)

@: no status effects
A: no striking features
a: no special abilities


You were on level 2 of the Dungeon.
You were not hungry.

You visited 1 branch of the dungeon, and saw 2 of its levels.

You collected 110 gold pieces.

Inventory:

Hand Weapons
 a - a +0 short sword
 n - a +1 dagger of venom (weapon)
Missiles
 q - 6 atropa-tipped darts (quivered)
Armour
 b - a +0 leather armour (worn)
 r - a +2 ring mail of cold resistance
Jewellery
 m - a +6 ring of dexterity {unknown}
Wands
 c - a wand of flame (15)
 d - a wand of enslavement (15)
 e - a wand of random effects (15)
Scrolls
 h - a scroll of fog {unknown}
 i - 2 scrolls of enchant armour {unknown}
 k - 3 scrolls of identify {unknown}
 l - a scroll of teleportation {unknown}
 o - a scroll of blinking {unknown}
Potions
 g - a potion of might {unknown}
 j - 2 potions of haste {unknown}
 p - a potion of resistance {unknown}
Comestibles
 f - a ration
 s - a chunk of flesh


   Skills:
 + Level 1.5 Fighting
 + Level 1.8 Short Blades
 + Level 1.2 Armour
 + Level 2.3 Dodging
 + Level 1.1 Stealth
 + Level 3.4 Evocations


You had 3 spell levels left.
You didn't know any spells.
Your spell library was empty.

Dungeon Overview and Level Annotations

Branches:
Dungeon (2/15)

Altars:


Message History

You barely miss the goblin. The goblin hits you with a +0 dagger.
You hit the goblin.
You kill the goblin!
A jackal comes into view.
Things that are here:
a +0 dagger; a +0 short sword; a goblin corpse The jackal barks!
You hit the worm but do no damage.
The worm is poisoned.
The worm closely misses you.
You hit the worm but do no damage. You hit the worm but do no damage.
The worm looks as sick as possible!
The worm bites you!
* * * LOW HITPOINT WARNING * * *
You see here an adder corpse.
A centaur skeleton comes into view.
The centaur skeleton hits you.
* * * LOW HITPOINT WARNING * * *
The centaur skeleton hits you but does no damage.
The centaur skeleton hits you.
You die...

..................# ##....#
...?..............# #..#..#
..................##..#..<#
.......#..........#..#..#.###
.......#............... #...#
......# #...h....#.#.# ###.#
)....####..w.........# #.#
......).†.###..Z.##.#######.#
#...####### ####@........##.####
.).....## ##.>........#.......#
........# ##............#......#
........###.............÷......#
................)..............#
.......####..............#######
.......# #..............#
.......# #..............#
.......# ##............##


You could see a worm, a jackal and a centaur skeleton.

Vanquished Creatures
  An adder (D:2)
  An ooze (D:1)
  2 leopard geckos
  A giant cockroach (D:1)
  6 goblins
  4 hobgoblins
  2 ball pythons (D:1)
  8 bats
  2 frilled lizards
  4 kobolds
  2 rats (D:1)
33 creatures vanquished.

Notes
Turn   | Place    | Note
-------+----------+-------------------------------------------
     0 | D:1      | H0rd4k the Human Artificer began the quest for the Orb.
     0 | D:1      | Reached XP level 1. HP: 15/15 MP: 3/3
   354 | D:1      | Reached XP level 2. HP: 15/21 MP: 4/4
   686 | D:1      | Reached XP level 3. HP: 25/26 MP: 5/5
  1008 | D:1      | Reached skill level 1 in Armour
  1271 | D:2      | Reached XP level 4. HP: 17/32 MP: 6/6
  1287 | D:2      | Slain by a centaur skeleton

Levels and vault maps discovered:
D:1:      matt_arrival_refuge, layout_basic
D:2:      layout_rooms

Skill      XL: |  1  2  3 |
---------------+----------+-----
Armour         | 1 |  1.2
Fighting       | |  1.5
Short Blades   | |  1.8
Dodging        | |  2.3
Stealth        | |  1.1
Evocations     | |  3.4

Action                   |  1- 3 |  4- 6 || total
-------------------------+-------+-------++-------
Melee: Short sword       |    76 |       ||    76
       Dagger            |    60 |     5 ||    65
 Stab: Sleeping          |     1 |       ||     1
  Eat: Chunk             |     1 |       ||     1
Armor: Leather armour    |    53 |     1 ||    54
Dodge: Dodged            |   114 |     1 ||   115
